 Dungeon Crawl Stone Soup version 0.31.0-7-gf635a9b802 (webtiles) character file.

Game seed: 10658006519029828613

5208 booth the Mimic (level 10, -2/98 (100) HPs)
             Began as a Troll Shapeshifter on Jan 23, 2024.
             Was a Priest of Okawaru.
             Slain by a yak (14 damage)
             ... on level 9 of the Dungeon.
             The game lasted 00:43:31 (6933 turns).

booth the Mimic (Troll Shapeshifter)                Turns: 6933, Time: 00:43:32

HP:   -2/98 (100)   AC:  2    Str: 24    XL:     10   Next: 35%
MP:   9/9           EV: 14    Int:  6    God:    Okawaru [***...]
Gold: 409           SH:  5    Dex: 13    Spells: 9/9 levels left

rFire   . .          .
                       - Unarmed
rCold   . . .        (shield currently unavailable)
rNeg    . . .        a - melded +0 animal skin
rPois   +            (helmet restricted)
rElec   .            (no cloak)
rCorr   .            (gloves unavailable)
SInv    .            (boots unavailable)
Will    .....        u - amulet of reflection
Stlth   +            n - ring of poison resistance
HPRegen 1.16/turn    (no ring)
MPRegen 0.11/turn

%: reflection
@: flux-form, glowing, lightly drained
A: glow, contaminating, large, unfitting armour, claws 3, regeneration 1, shaggy
fur 1, tough skin 1
a: Begin Untransformation, Renounce Religion, Heroism


You were on level 9 of the Dungeon.
You worshipped Okawaru.
Okawaru was most pleased with you.
You were something dangerously unstable.
You visited 2 branches of the dungeon, and saw 10 of its levels.

You collected 409 gold pieces.

Inventory:

Hand Weapons
 m - a +0 mace
 v - a +0 battleaxe
 K - a +3 war axe
Missiles
 f - 18 poisoned darts
 j - 2 darts of dispersal (quivered)
 s - a throwing net
 A - 11 boomerangs
Armour
 a - a +0 animal skin (melded)
Jewellery
 n - a ring of poison resistance (left claw)
 p - a ring of flight
 q - a ring of fire
 u - an amulet of reflection (around neck)
Talismans
 c - a beast talisman
 d - a flux talisman (active)
 I - a maw talisman
Wands
 t - a wand of flame (36)
 E - a wand of digging (4)
 G - a wand of mindburst (21)
 H - a wand of light (2)
Scrolls
 e - 2 scrolls of fog
 g - a scroll of poison
 h - a scroll of revelation
 w - 3 scrolls of enchant weapon
 x - a scroll of enchant armour
 y - a scroll of immolation
 z - a scroll of fear {unknown}
 C - 5 scrolls of teleportation
 L - a scroll of amnesia
Potions
 b - 4 potions of lignification
 i - 2 potions of attraction
 k - a potion of invisibility
 l - 2 potions of curing
 o - a potion of berserk rage
 r - a potion of haste
 B - a potion of mutation {unknown}
 D - 2 potions of brilliance
 F - a potion of might


   Skills:
 + Level 6.3 Fighting
 + Level 1.7 Axes
 - Level 1.7 Dodging
 + Level 8.3 Unarmed Combat
 * Level 10.3 Shapeshifting


You had 9 spell levels left.
You didn't know any spells.
Your spell library contained the following spells:

 Spells                   Type           Power      Damage    Failure   Level
 Magic Dart               Conj           0%         1d3       45%         1
 Necrotise                Necr           0%         1d4       45%         1
 Shock                    Conj/Air       0%         1d3       45%         1
 Slow                     Hex            0%         N/A       45%         1
 Blink                    Tloc           0%         N/A       58%         2
 Cigotuvi's Dreadful Rot  Necr/Alch/Air  0%         N/A       58%         2
 Confusing Touch          Hex            0%         N/A       83%         3
 Sigil of Binding         Hex            0%         N/A       83%         3
 Swiftness                Air            0%         N/A       83%         3
 Vampiric Draining        Necr           0%         2d6       83%         3
 Volatile Blastmotes      Fire/Tloc      0%         2d10      83%         3
 Airstrike                Air            0%         2d(0-16)  99%         4
 Dispel Undead            Necr           0%         3d6       99%         4
 Fulminant Prism          Conj/Alch      0%         3d5       99%         4
 Ignite Poison            Fire/Alch      0%         N/A       99%         4
 Iskenderun's Mystic Bla  Conj/Tloc      0%         2d3       99%         4
 Sticky Flame             Fire/Alch      0%         2d4       99%         4
 Curse of Agony           Necr           0%         N/A       100%        5
 Ignition                 Fire           0%         3d3       100%        8
 Call Imp                 Summ           Unusable   N/A       N/A         2
 Martyr's Knell           Necr/Summ      Unusable   N/A       N/A         4
 Death Channel            Necr           Unusable   N/A       N/A         6

Dungeon Overview and Level Annotations

Branches:
Dungeon (9/15)             Temple (1/1) D:4            Lair (0/5) D:8
    Orc: D:9-12

Altars:
Ashenzari
Cheibriados
Dithmenos
Elyvilon
Fedhas
Hepliaklqana
Kikubaaqudgha
Makhleb
Nemelex Xobeh
Okawaru
Qazlal
Ru
Sif Muna
Trog
Uskayaw
Vehumet
Wu Jian
Xom
Yredelemnul


Innate Abilities, Weirdness & Mutations

You are something dangerously unstable.
You glow with magical radiation, making you easy to see and hit.
Foes you strike become dangerously contaminated with magical radiation.
You are incapable of wielding weapons or throwing items.
You are too large for most types of armour.
You have claws for hands.
Your natural rate of healing is unusually fast.
You are covered in fur. (AC +1)
You have tough skin. (AC +1)


Message History

You block the wight's attack. The troll bites you. The troll claws you.
The troll claws you!
You claw the troll!
You kill the troll!
Okawaru accepts your kill. The wight closely misses you.
You scratch the yak but do no damage.
The yak begins to glow.
The wight closely misses you.
You scratch the yak but do no damage.
The yak begins to glow.
The wight misses you. The yak misses you. The yak gores you!
You claw the yak!
The yak glows dangerously bright.
The yak is moderately wounded.
The wight hits you from afar with a +0 trident!
The yak gores you!
* * * LOW HITPOINT WARNING * * *
The yak closely misses you.
You barely miss the yak.
The yak is moderately wounded.
You scratch the yak.
The yak shudders as magic cascades through it!
The yak twists and deforms.
The yak is severely wounded.
The yak completely misses you. The yak closely misses you.
You scratch the yak.
The yak begins to glow.
The yak is severely wounded.
The wight hits you from afar with a +0 trident.
* * * LOW HITPOINT WARNING * * *
You block the yak's attack. The yak closely misses you.
You scratch the yak.
The yak glows dangerously bright.
The yak is almost dead.
You block the wight's attack. The yak misses you. The yak closely misses you.
You mangle the yak!!
You kill the yak!
Okawaru accepts your kill. You block the wight's attack. The yak gores you!
* * * LOW HITPOINT WARNING * * *
You claw the wight!
The wight begins to glow.
The wight is severely damaged.
The yak stops glowing.
The wight misses you. The yak gores you!
You die...

....## ##.....#
....##### #......#####
........###...##..##.##
...#.....)).......#...#
..########)...........#
..# ##...###......# .##
#....# ##.....# .#
#.#### ##.....# ## ###
#pY##..# # ##z####.#
#####z)# ### #.....##
#........# #........T.
#.........Y.#
#.........Y..#
#.............#


You could see a yak and 2 wights.

Vanquished Creatures
  Joseph (D:8)
  A troll (D:9)
  Grinder (D:3)
  Sigmund (D:3)
  A wyvern (D:9)
  A steam dragon (D:8)
  5 yaks
  2 water moccasins
  A sky beast (D:7)
  2 ice beasts
  3 orc warriors
  A black bear (D:5)
  2 centaurs (D:8)
  2 phantoms
  Blork the orc (D:4)
  A kobold brigand (D:9)
  A bullfrog (D:8)
  2 scorpions
  13 wights
  5 killer bees (D:8)
  A howler monkey (D:8)
  5 orc priests
  4 hounds (D:5)
  2 jellies
  2 sleepcaps (D:5)
  4 iguanas (D:5)
  8 orc wizards
  5 adders
  7 gnolls
  2 shadow imps (D:8)
  A white imp (D:4)
  2 ufetubi (D:6)
  4 dart slugs
  4 ribbon worms
  32 orcs
  6 endoplasms
  A giant cockroach (D:1)
  3 goblins
  10 hobgoblins
  3 quokkas
  3 ball pythons
  5 bats
  3 frilled lizards
  20 kobolds
  5 rats
189 creatures vanquished.

Notes
Turn   | Place    | Note
-------+----------+-------------------------------------------
     0 | D:1      | booth the Troll Shapeshifter began the quest for the Orb.
     0 | D:1      | Reached XP level 1. HP: 18/18 MP: 0/0
    62 | D:1      | Reached skill level 1 in Fighting
   155 | D:1      | Reached XP level 2. HP: 27/27 MP: 1/1
   158 | D:1      | Found a faded altar of an unknown god.
   676 | D:2      | Reached XP level 3. HP: 33/33 MP: 2/2
   739 | D:2      | Found a shimmering blue altar of Sif Muna.
  1192 | D:3      | Found a blossoming altar of Fedhas.
  1271 | D:3      | Found an ancient bone altar of Kikubaaqudgha.
  1271 | D:3      | Found a shimmering blue altar of Sif Muna.
  1273 | D:3      | Found a radiant altar of Vehumet.
  1278 | D:3      | Got Kikubaaqudgha's Annotations on Stolen Souls
  1432 | D:3      | Noticed Grinder
  1468 | D:3      | Killed Grinder
  1469 | D:3      | Reached skill level 4 in Shapeshifting
  1469 | D:3      | Reached XP level 4. HP: 42/44 MP: 3/3
  1469 | D:3      | Reached XP level 5. HP: 48/50 MP: 4/4
  1488 | D:3      | Noticed Sigmund
  1503 | D:3      | Killed Sigmund
  1504 | D:3      | Reached skill level 5 in Shapeshifting
  1504 | D:3      | Reached XP level 6. HP: 59/59 MP: 5/5
  2230 | D:4      | Noticed Blork the orc
  2249 | D:4      | Killed Blork the orc
  2352 | D:4      | Reached XP level 7. HP: 57/66 MP: 6/6
  2439 | D:4      | Found a staircase to the Ecumenical Temple.
  2455 | D:4      | Found a shadowy altar of Dithmenos.
  2507 | Temple   | Entered the Ecumenical Temple
  2546 | Temple   | Became a worshipper of Warmaster Okawaru
  3044 | D:4      | Reached skill level 5 in Unarmed Combat
  3063 | D:5      | Entered Level 5 of the Dungeon
  3078 | D:5      | Found a sacrificial altar of Ru.
  3087 | D:5      | Reached skill level 6 in Shapeshifting
  3390 | D:5      | Reached XP level 8. HP: 62/78 MP: 7/7
  3407 | D:5      | Reached * piety under Okawaru
  3558 | D:5      | Reached skill level 7 in Shapeshifting
  4742 | D:7      | Found a shimmering altar of Xom.
  4872 | D:7      | Reached skill level 8 in Shapeshifting
  4902 | D:7      | Reached ** piety under Okawaru
  4926 | D:7      | Reached XP level 9. HP: 87/87 MP: 8/8
  5030 | D:7      | Found a snail-covered altar of Cheibriados.
  5079 | D:7      | Reached skill level 5 in Fighting
  5127 | D:7      | Found a hazy altar of Hepliaklqana.
  5652 | D:8      | Reached skill level 9 in Shapeshifting
  5656 | D:8      | Reached *** piety under Okawaru
  5800 | D:8      | Noticed Joseph
  5819 | D:8      | Killed Joseph
  5977 | D:8      | Reached XP level 10. HP: 94/98 MP: 9/9
  6163 | D:8      | Found a staircase to the Lair.
  6509 | D:9      | Reached skill level 10 in Shapeshifting
  6588 | D:9      | Reached skill level 1 in Axes
  6933 | D:9      | Slain by a yak

Illustrated notes

Levels and vault maps discovered:
D:1:      giann_bridges, layout_basic, ebering_ecumenical_altar_petrified
D:2:      layout_rooms, serial_curves, eino_curves_04, eino_curves_02,
          basic_altar
D:3:      layout_basic, grunt_temple_overflow_magic_moments,
          nicolae_overflow_crystal_walls, grunt_decor_resistance,
          chequers_arboretum, uniq_sigmund, uniq_grinder
D:4:      cheibrodos_pilgrimage, layout_loops_cross,
          mainiacjoe_overflow_brackets, minmay_temple_entry_trees, st_stairs_8,
          hangedman_decor_clover_reticule, minivault_24, uniq_blork_the_orc
D:5:      layout_loops_ring, nicolae_ru_sacrificial_ziggurat,
          cheibrodos_gnoll_hut
D:6:      layout_cave_pods, hangedman_decor_growths
D:7:      layout_rooms, nicolae_overflow_hidden_temple, kennysheep_mini_moat,
          brannock_xom_greatest_gift, lemuel_flamethrower_2
D:8:      layout_basic, lair_entry_dummy, uniq_joseph
D:9:      layout_cave_pods, mainiacjoe_overflow_catwalk
Temple:   jpeg_temple_alley_garden

Skill      XL: |  1  2  3  4  5  6  7  8  9 10 |
---------------+-------------------------------+-----
Fighting       | 1 2 3 4 6 |  6.3
Unarmed Combat | 4 5 6 7 8 |  8.3
Shapeshifting  | 4 5 6 8 9 10 | 10.3
Axes           | 1 |  1.7
Dodging        | |  1.7

Action                     |  1- 3 |  4- 6 |  7- 9 | 10-12 || total
---------------------------+-------+-------+-------+-------++-------
  Melee: Unarmed           |    91 |    39 |   301 |   106 ||   537
         Punch             |     2 |     1 |     6 |       ||     9
 Invoke: Heroism           |       |       |     2 |     4 ||     6
    Use: Scroll            |     5 |     1 |    10 |     5 ||    21
         Potion            |     1 |       |     3 |     1 ||     5
 Armour: Animal skin       |    41 |    18 |   110 |       ||   169
         Skin              |       |       |    83 |    59 ||   142
  Dodge: Dodged            |    30 |     8 |   135 |    77 ||   250
  Block: Other             |       |     4 |    58 |    30 ||    92
         Reflection        |       |       |     3 |     2 ||     5
   Form: Flux              |       |       |     1 |       ||     1
